 Dungeon Crawl Stone Soup version 0.27.0-66-gdc8fb28755 (webtiles) character file.

Game seed: 18099672373530341010

3304 jt the Impaler (level 10, 0/77 HPs)
             Began as a Merfolk Gladiator on Aug 19, 2021.
             Slain by an orc knight (25 damage)
             ... in a bailey.
             The game lasted 00:22:09 (7350 turns).

jt the Impaler (Merfolk Gladiator)                  Turns: 7350, Time: 00:22:10

Health: 0/77       AC: 10    Str: 19    XL:     10   Next: 1%
Magic:  10/10      EV: 13    Int:  9    God:
Gold:   292        SH:  5    Dex: 18    Spells: 8/9 levels left

rFire    + . .     SeeInvis .   D - +1 halberd
rCold    . . .     Faith    .   (shield currently unavailable)
rNeg     + . .     Spirit   .   c - +0 leather armour of Wrong Decisions {Str+2}
rPois    +         Reflect  +   H - +2 hat
rElec    .         Harm     .   f - +2 cloak {rPois}
rCorr    +         Rampage  +   (no gloves)
Will     .....                  v - +1 pair of boots {rampage}
Stlth    +.........             E - amulet of reflection
HPRegen  0.22/turn              I - ring "Kiubekaf" {rF+ rN+ rCorr Dex+3}
MPRegen  0.12/turn              (no ring)

@: mighty
A: (nimble swimmer 2), mertail
a: no special abilities


You were in a bailey.
You visited 2 branches of the dungeon, and saw 8 of its levels.
You also visited: Bailey.

You collected 1094 gold pieces.
You spent 802 gold pieces at shops.

Inventory:

Hand Weapons
 a - a +0 trident
 b - a +0 glaive
 k - a +1 dagger of flaming
 n - a +3 short sword of venom
 s - a +0 hunting sling
 t - a +2 flail of holy wrath
 D - a +1 halberd (weapon)
Missiles
 d - a throwing net
 h - 122 stones
 i - 3 javelins
 j - 48 poisoned darts (quivered)
 w - 31 arrows
 B - 5 boomerangs
Armour
 c - the +0 leather armour of Wrong Decisions (worn) {Str+2}
   (You bought it in a shop on level 2 of the Dungeon)

   Str:       It affects your strength (+2).
 e - a +0 pair of boots
 f - a +2 cloak of poison resistance (worn)
 v - a +1 pair of boots of rampaging (worn)
 H - a +2 hat (worn)
Magical Staves
 p - a staff of cold
Jewellery
 E - an amulet of reflection (around neck)
 I - the ring "Kiubekaf" (left hand) {rF+ rN+ rCorr Dex+3}
   (You acquired it in a bailey)

   [ring of positive energy]

   Dex:       It affects your dexterity (+3).
   rF:        It protects you from fire.
   rN:        It protects you from negative energy.
   rCorr:     It protects you from acid and corrosion.
Wands
 l - a wand of mindburst (9)
 y - a wand of flame (17)
Scrolls
 m - a scroll of silence
 q - 4 scrolls of teleportation
 u - 2 scrolls of fear
Potions
 o - 2 potions of haste
 z - a potion of curing
 A - a potion of cancellation
 K - a potion of mutation {unknown}


   Skills:
 + Level 6.6 Fighting
 + Level 15.7 Polearms
 - Level 2.0 Throwing
 - Level 4.0 Dodging
 - Level 5.0 Evocations


You had 8 spell levels left.
You knew the following spells:

 Your Spells              Type           Power      Damage    Failure   Level
a - Magic Dart            Conj           0%         1d3       43%         1

Your spell library contained the following spells:

 Spells                   Type           Power      Damage    Failure   Level
 Searing Ray              Conj           0%         3d3       58%         2
 Tukima's Dance           Hex            0%         N/A       82%         3
 Fulminant Prism          Conj/Hex       0%         3d6       99%         4
 Passage of Golubria      Tloc           N/A        N/A       99%         4
 Yara's Violent Unravell  Hex/Tmut       0%         3d3       100%        5


Dungeon Overview and Level Annotations

Branches:
Dungeon (7/15)             Temple (1/1) D:4          Bailey (1/1)

Altars:
Ashenzari
Cheibriados
Dithmenos
Fedhas
Gozag
Hepliaklqana
Kikubaaqudgha
Makhleb
Nemelex Xobeh
Qazlal
Sif Muna
Trog
Uskayaw
Vehumet
Wu Jian
Yredelemnul
Zin
The Shining One

Shops:
D:2 *[(?   D:4 *


Innate Abilities, Weirdness & Mutations

((You are quick and stealthy near water. (Stealth+, EV+, Speed+++)))
Your lower body shifts to a powerful aquatic tail in water.


Message History

You throw a poisoned dart. The poisoned dart hits the orc knight.
The orc knight looks even sicker.
The orc knight is lightly wounded.
The orc priest casts a cantrip, but nothing happens.
Throw: 50 darts (poison)
Press: ? - help, Q - select action, (/) - cycle Shift-Dir - straight line, f/p - orc knight
Aim: an orc knight, wielding a +0 glaive and wearing a +0 chain mail (lightly wounded, very poisoned, 62% to hit)
You throw a poisoned dart. The poisoned dart hits the orc knight.
The orc knight is lightly wounded.
Throw: 49 darts (poison)
Press: ? - help, Q - select action, (/) - cycle Shift-Dir - straight line, f/p - orc knight
Aim: an orc knight, wielding a +0 glaive and wearing a +0 chain mail (lightly wounded, very poisoned, 62% to hit)
You throw a poisoned dart. The poisoned dart hits the orc knight.
The orc knight looks even sicker.
The orc knight is lightly wounded.
Aiming: Corrosive Bolt
Press: ? - help, Shift-Dir - straight line, f/p - orc knight
Aim: an orc knight, wielding a +0 glaive and wearing a +0 chain mail (lightly wounded, very poisoned, 71% to hit)
The bolt of acid hits the orc!
The orc is splashed with acid.
The acid corrodes the orc!
You kill the orc!
The orc's corpse dissolves into shadows!
The bolt of acid hits the orc knight!
The orc knight is splashed with acid!
The acid corrodes the orc knight!
The orc knight is moderately wounded.
The bolt of acid misses the orc.
The now-empty wand crumbles to dust.
Aiming: Iceblast
Press: ? - help, Shift-Dir - straight line, f/p - orc knight
Aim: an orc knight, wielding a +0 glaive and wearing a +0 chain mail (moderately wounded, very poisoned, covered in acid)
The mass of ice explodes!
The iceblast engulfs the orc knight!!
The orc knight is heavily wounded.
The iceblast engulfs the orc!!
You kill the orc!
The orc's corpse dissolves into shadows!
The now-empty wand crumbles to dust.
You feel very mighty all of a sudden.
The orc knight hits you from afar with a +0 glaive!!
It was a potion of magic.
Magic courses through your body.
The orc knight hits you from afar with a +0 glaive!!
You die...

#######
##..@..##
#...o...#
#∩.oo..∩#
#...?o..#
#...)...#
#.)[(...#
#.))(...#
#...(...#
#.......#


You could see an orc knight (very poisoned, corroded), an orc priest (summoned,
strong), an orc wizard (summoned, strong) and an orc (summoned, strong).

Vanquished Creatures
  3 orc knights (Bailey)
  A water moccasin (D:6)
  11 orc warriors
  A black bear (D:6)
  A necrophage (D:4)
  Blork the orc (D:4)
  4 scorpions (D:4)
  A water moccasin zombie (D:5)
  A wyvern zombie (D:6)
  A centaur zombie (D:7)
  A jelly (D:5)
  A gnoll shaman (D:5)
  3 hounds
  An iguana (D:4)
  An orc wizard (D:6)
  A hound skeleton (D:5)
  5 gnolls (D:5)
  7 adders
  An ufetubus (D:5)
  2 worms
  A dart slug (D:1)
  26 orcs
  13 bats
  6 endoplasms
  2 giant cockroaches (D:1)
  13 goblins
  6 hobgoblins
  8 jackals
  4 quokkas
  4 ball pythons
  4 frilled lizards
  9 kobolds
  2 rats (D:1)
146 creatures vanquished.

Vanquished Creatures (collateral kills)
  8 orcs (Bailey)
8 creatures vanquished.

Vanquished Creatures (others)
  5 fungi (D:4)
  6 plants
11 creatures vanquished.

Grand Total: 165 creatures vanquished

Notes
Turn   | Place    | Note
-------+----------+-------------------------------------------
     0 | D:1      | jt the Merfolk Gladiator began the quest for the Orb.
     0 | D:1      | Reached XP level 1. HP: 16/16 MP: 1/1
   274 | D:1      | Reached skill level 5 in Polearms
   281 | D:1      | Reached XP level 2. HP: 22/22 MP: 2/2
   909 | D:1      | Found a faded altar of an unknown god.
   985 | D:1      | Learned a level 1 spell: Magic Dart
  1004 | D:1      | Reached skill level 6 in Polearms
  1004 | D:1      | Reached XP level 3. HP: 27/27 MP: 1/3
  1294 | D:2      | Found Saum Bung's Antique Armour Boutique.
  1373 | D:2      | Found Bucytz's Weapon Emporium.
  1380 | D:2      | Found Lexy's Magic Scroll Shoppe.
  1542 | D:2      | Found Pud Zyes's General Store.
  2414 | D:3      | Reached skill level 7 in Polearms
  2414 | D:3      | Reached XP level 4. HP: 33/33 MP: 0/4
  2571 | D:2      | Bought a scroll of teleportation for 33 gold pieces
  2604 | D:2      | Bought a scroll of fear for 35 gold pieces
  3233 | D:2      | Bought a scroll of identify for 20 gold pieces
  3331 | D:4      | Found a glowing golden altar of the Shining One.
  3340 | D:4      | Noticed a necrophage
  3351 | D:4      | Reached skill level 8 in Polearms
  3351 | D:4      | Reached XP level 5. HP: 32/38 MP: 5/5
  3544 | D:4      | Noticed Blork the orc
  3554 | D:4      | Killed Blork the orc
  3555 | D:4      | Reached skill level 9 in Polearms
  3688 | D:4      | Killed a necrophage
  3689 | D:4      | Reached XP level 6. HP: 33/44 MP: 6/6
  3782 | D:4      | Found a staircase to the Ecumenical Temple.
  3788 | Temple   | Entered the Ecumenical Temple
  3962 | D:4      | Found an opulent altar of Gozag.
  3962 | D:4      | Found Gozag's Platinum Reserve.
  4263 | D:4      | Reached skill level 10 in Polearms
  4305 | D:4      | Reached XP level 7. HP: 24/50 MP: 7/7
  4504 | D:4      | Reached skill level 11 in Polearms
  4735 | D:5      | Entered Level 5 of the Dungeon
  5257 | D:5      | Reached skill level 1 in Evocations
  5309 | D:5      | Reached skill level 12 in Polearms
  5631 | D:5      | Found a sparkling altar of Nemelex Xobeh.
  5953 | D:6      | Reached XP level 8. HP: 40/56 MP: 8/8
  6047 | D:6      | Noticed a two-headed ogre
  6310 | D:7      | Identified a scroll of acquirement
  6310 | D:7      | Acquired 828 gold pieces
  6432 | D:2      | Bought a runed cloak for 195 gold pieces
  6437 | D:2      | Bought a pair of runed boots for 195 gold pieces
  6452 | D:2      | Bought a transparent leather armour for 182 gold pieces
  6452 | D:2      | Identified the +0 leather armour of Wrong Decisions {Str+2}
                  | (You bought it in a shop on level 2 of the Dungeon)
  6512 | D:2      | Bought a scroll of magic mapping for 38 gold pieces
  6512 | D:2      | Bought a scroll of summoning for 104 gold pieces
  6637 | D:7      | Reached skill level 13 in Polearms
  6650 | D:7      | Found a flagged portal.
  6666 | Bailey   | Entered a bailey
  6960 | Bailey   | Reached skill level 5 in Evocations
  7152 | Bailey   | Acquired the ring "Kiubekaf" {rF+ rN+ rCorr Dex+3}
  7157 | Bailey   | Noticed an orc knight
  7170 | Bailey   | Reached XP level 9. HP: 61/61 MP: 9/9
  7171 | Bailey   | Reached skill level 14 in Polearms
  7177 | Bailey   | Killed an orc knight
  7279 | Bailey   | Noticed an orc knight
  7279 | Bailey   | Noticed an orc knight
  7290 | Bailey   | Killed an orc knight
  7291 | Bailey   | Reached skill level 5 in Fighting
  7291 | Bailey   | Reached skill level 15 in Polearms
  7299 | Bailey   | Killed an orc knight
  7299 | Bailey   | Noticed an orc knight
  7300 | Bailey   | Reached XP level 10. HP: 47/77 MP: 10/10
  7350 | Bailey   | Slain by an orc knight

Illustrated notes

Levels and vault maps discovered:
D:1:      minmay_arrival_semitransparent, layout_basic,
          dreamdust_ecumenical_altar_hidden_monk_grotto
D:2:      layout_basic, serial_shops, shop, nicolae_shop_crystal,
          shop_fountains, shop
D:3:      layout_basic, grunt_decor_cap
D:4:      old_forge, layout_basic, lemuel_crystal_altar,
          nicolae_gozag_zags_fifth_avenue, minmay_temple_entry_statues_pillars,
          uniq_blork_the_orc
D:5:      layout_rooms, lemuel_round_altar
D:6:      layout_gridville, nicolae_take_the_stairs, st_stairs_3
D:7:      layout_loops_corners, okawaru_altar_gauntlet_db, enter_bailey_3
Temple:   regret_index_temple_waves
Bailey:   bailey_polearm_5, bailey

Skill      XL: |  1  2  3  4  5  6  7  8  9 |
---------------+----------------------------+-----
Polearms       | 5 6 7 8 9 10 12 13 15 | 15.7
Evocations     | 2 5 |  5.0
Fighting       | 6 |  6.6
Throwing       | |  2.0
Dodging        | |  4.0

Action                   |  1- 3 |  4- 6 |  7- 9 | 10-12 || total
-------------------------+-------+-------+-------+-------++-------
Melee: Trident           |   146 |   145 |    45 |       ||   336
       Halberd           |       |       |   125 |       ||   125
Throw: Throwing net      |     3 |     1 |     2 |       ||     6
       Javelin           |       |     2 |     5 |     1 ||     8
       Dart              |       |       |    17 |     8 ||    25
 Cast: Magic Dart        |    10 |     2 |       |       ||    12
Evoke: Wand              |       |       |    15 |     2 ||    17
  Use: Scroll            |       |     3 |     7 |       ||    10
       Potion            |       |       |    10 |     2 ||    12
 Stab: Sleeping          |     1 |       |     1 |       ||     2
       Held in net/web   |     1 |     1 |       |       ||     2
       Distracted        |       |       |     1 |       ||     1
Armor: Leather armour    |    24 |    37 |    44 |       ||   105
       Skin              |       |       |     3 |       ||     3
Dodge: Dodged            |    64 |    79 |   113 |       ||   256
Block: Other             |       |       |    30 |     1 ||    31
       Reflection        |       |       |       |     1 ||     1
